AoeStats
← OztRoniX

Arabia

510520894Analyzed
2v2 RM · 2d ago on Oct 1, 2026· 64m 59s· 4 players
Game mode
Random Map
Map size
Medium (4 player)
Population
200
Speed
Normal
Resources
Standard
Victory
Conquest
Starting age
Dark Age
Ending age
Imperial Age
RankedLock teamsTeams togetherTeam positionsShared explorationLock speedFull tech treeHidden civsTurbo modeCheats
Victory
Defeat
🇮🇱 Japanese · Israel
666
+15
🇮🇱 Burmese · Israel
656
+15
🇫🇷 Ethiopians · France
652
-15
🇧🇷 Vietnamese · Brazil
630
-15
Filipones
2:14 Loom
12:36 Feudal Age
13:08 Double-Bit Axe
18:54 Horse Collar
27:06 Castle Age
25:16 Gold Mining
25:32 Fletching
28:04 Wheelbarrow
28:31 Bow Saw
29:04 Heavy Plow
33:07 Imperial Age
32:17 Bodkin Arrow
34:34 Pikeman
35:29 Fortified Wall
37:31 Bracer
38:47 Ballistics
41:12 Two-Man Saw
41:14 Padded Archer Armor
40:43 Elite Rattan Archer
41:42 Forging
41:37 Scale Mail Armor
41:02 Halberdier
41:49 Squires
42:33 Crop Rotation
42:31 Treadmill Crane
44:50 Chemistry
44:21 Elite Skirmisher
45:21 Hand Cart
45:11 Stone Mining
47:02 Chain Mail Armor
47:45 Town Watch
49:19 Plate Mail Armor
49:25 Iron Casting
49:06 Leather Archer Armor
52:47 Ring Archer Armor
53:36 Masonry
56:03 Imperial Skirmisher
62:45 Caravan
thi1313
10:57 Feudal Age
12:21 Double-Bit Axe
13:01 Loom
16:51 Horse Collar
17:34 Fletching
23:58 Castle Age
22:55 Padded Archer Armor
24:51 Crossbowman
26:27 Wheelbarrow
26:11 Heavy Plow
29:46 Hand Cart
31:12 Bow Saw
38:21 Imperial Age
36:14 Fervor
37:02 Bodkin Arrow
37:25 Leather Archer Armor
38:14 Thumb Ring
38:33 Ballistics
38:12 Murder Holes
38:23 Arbalester
40:20 Conscription
41:19 Chemistry
40:23 Bracer
40:53 Ring Archer Armor
43:18 Torsion Engines
44:40 Two-Man Saw
44:33 Masonry
44:29 Siege Engineers
44:35 Fortified Wall
50:54 Onager
53:15 Siege Onager
OztRoniX
0:28 Loom
14:45 Feudal Age
20:04 Double-Bit Axe
20:01 Horse Collar
21:04 Wheelbarrow
20:14 Town Watch
20:39 Arson
24:53 Castle Age
24:01 Gold Mining
25:11 Stone Mining
25:33 Pikeman
26:13 Squires
32:50 Gold Shaft Mining
32:29 Heavy Plow
32:42 Bow Saw
33:15 Elite Skirmisher
36:25 Caravan
37:00 Town Patrol
38:55 Fletching
39:06 Scale Mail Armor
39:07 Padded Archer Armor
40:04 Treadmill Crane
40:34 Masonry
40:47 Ballistics
40:44 Fortified Wall
40:29 Murder Holes
42:25 Squires
42:44 Forging
43:28 Hand Cart
47:13 Imperial Age
44:44 Guard Tower
45:36 Leather Archer Armor
45:37 Chain Mail Armor
46:06 Iron Casting
45:27 Bodkin Arrow
46:58 Bodkin Arrow
49:21 Two-Man Saw
49:00 Plate Mail Armor
49:30 Blast Furnace
48:31 Bracer
49:01 Ring Archer Armor
47:55 Halberdier
47:59 Elite Samurai
49:03 Conscription
49:16 Arrowslits
50:19 Hoardings
54:34 Yasama
YakyAK
8:40 Loom
11:24 Feudal Age
11:48 Horse Collar
14:21 Forging
15:48 Fletching
16:11 Town Watch
18:41 Scale Mail Armor
21:39 Scale Barding Armor
24:37 Castle Age
22:45 Padded Archer Armor
22:42 Gold Mining
28:17 Heavy Plow
28:26 Stone Mining
31:10 Pikeman
34:40 Gold Shaft Mining
37:20 Iron Casting
37:02 Chain Mail Armor
37:08 Chain Barding Armor
38:06 Town Patrol
40:55 Imperial Age
41:01 Imperial Age
40:44 Wheelbarrow
40:56 Ballistics
41:38 Fortified Wall
41:25 Murder Holes
41:18 Halberdier
41:35 Cavalier
43:59 Blast Furnace
44:24 Chemistry
49:46 Plate Mail Armor
49:51 Plate Barding Armor
49:12 Bodkin Arrow
57:24 Elite Skirmisher
63:22 Light Cavalry
64:25 Hussar
Connection lost

Rejoining the realm…

Still unreachable

The connection could not be restored.

Session expired

The server has moved on; the page needs a fresh start.